 Dungeon Crawl Stone Soup version 0.30.0-15-g856e2d3f33 (webtiles) character file.

Game seed: 14334026105202790909

3694608 sasquatch the Brawler (level 25, 256/256 HPs)
             Began as a Troll Warper on May 18, 2023.
             Was the Champion of Cheibriados.
             Escaped with the Orb
             ... and 5 runes on May 19, 2023!
             The game lasted 02:57:43 (55555 turns).

sasquatch the Brawler (Troll Warper)               Turns: 55555, Time: 02:57:43

Health: 256/256    AC: 36    Str: 38 (39) XL:     25   Next: 85%
Magic:  31/31      EV: 12    Int: 26      God:    Cheibriados [******]
Gold:   4187       SH: 29    Dex: 26 (29) Spells: 6/28 levels left

rFire   + +          .
                       - Unarmed
rCold   + + +        a - +0 tower shield {rN+}
rNeg    + . .        q - +9 gold dragon scales
rPois   +            N - +1 hat of Etrull {Will+ Regen+ Slay+6}
rElec   +            M - +2 cloak of Reason {rElec rC+ Will+ Str-5 Stlth+}
rCorr   .            (gloves unavailable)
SInv    +            (boots unavailable)
Will    +++..        p - amulet of reflection Stlth
                     X - ring of the Voracious God {Wiz rF+}
HPRegen 2.22/turn    L - ring of Hewk {rC++ Str-3 Dex+5 SInv}
MPRegen 0.22/turn

%: reflection, wizardry (x1)
@: studying 2 skills, very slow
A: large, unfitting armour, claws 3, regeneration 1, shaggy fur 1, tough skin 1,
sense surroundings 1
0: Orb of Zot
}: 5/15 runes: decaying, slimy, silver, abyssal, gossamer
a: Renounce Religion, Bend Time, Temporal Distortion, Slouch, Step From Time


You escaped.
You worshipped Cheibriados.
Cheibriados was exalted by your worship.
You visited 11 branches of the dungeon, and saw 53 of its levels.
You visited the Abyss 2 times.
You also visited: Trove, Gauntlet, Volcano and Wizlab.

You collected 6407 gold pieces.
You spent 2220 gold pieces at shops.

Inventory:

Missiles
 c - 8 boomerangs of dispersal
 R - 6 silver javelins
 S - 16 javelins
 U - 33 large rocks (quivered)
Armour
 a - a +0 tower shield of positive energy (worn)
 q - +9 gold dragon scales (worn)
 M - the +2 cloak of Reason (worn) {rElec rC+ Will+ Str-5 Stlth+}
   (You found it on level 1 of the Lair of Beasts)

   Str:       It affects your strength (-5).
   rC:        It protects you from cold.
   rElec:     It insulates you from electricity.
   Will:      It increases your willpower.
   Stlth:     It makes you more stealthy.
 N - the +1 hat of Etrull (worn) {Will+ Regen+ Slay+6}
   (You found it on level 2 of the Vaults)

   Slay:      It affects your accuracy & damage with ranged weapons and melee
   (+6).
   Regen:     It increases your rate of health regeneration.
   Will:      It increases your willpower.
Jewellery
 i - a ring of resist corrosion
 o - the ring of the Furies {rPois rC+ rN++ Int-2}
   (You found it on level 14 of the Dungeon)

   [ring of protection from cold]

   Int:       It affects your intelligence (-2).
   rC:        It protects you from cold.
   rPois:     It protects you from poison.
   rN:        It greatly protects you from negative energy.
 p - an amulet of reflection (around neck)
 v - a ring of willpower
 A - the amulet of the Ant {Faith Will+ Dex+4}
   (You found it in a treasure trove)

   [amulet of faith]

   It allows you to gain divine favour quickly.
   Dex:       It affects your dexterity (+4).
   Will:      It increases your willpower.
 C - the ring of Eternal Harmony {Fly Str+6}
   (You found it in a treasure trove)

   [ring of strength]

   Str:       It affects your strength (+6).
   Fly:       It grants you flight.
 L - the ring of Hewk (right claw) {rC++ Str-3 Dex+5 SInv}
   (You found it in a treasure trove)

   [ring of see invisible]

   Str:       It affects your strength (-3).
   Dex:       It affects your dexterity (+5).
   rC:        It greatly protects you from cold.
   SInv:      It lets you see invisible.
 Q - the ring of Ihex Ercheas {+Blink rN+ Int+6 Slay+3}
   (You found it on level 5 of the Pits of Slime)

   [ring of intelligence]

   Int:       It affects your intelligence (+6).
   Slay:      It affects your accuracy & damage with ranged weapons and melee
   (+3).
   rN:        It protects you from negative energy.
   +Blink:    It lets you blink.
 X - the ring of the Voracious God (left claw) {Wiz rF+}
   (You found it in a treasure trove)

   [ring of wizardry]

   It improves your spell success rate.
   rF:        It protects you from fire.
 Y - an amulet of regeneration
Wands
 f - a wand of roots (78)
 t - a wand of digging (31)
 G - a wand of quicksilver (34)
Scrolls
 b - 3 scrolls of blinking
 h - 6 scrolls of vulnerability
 j - 13 scrolls of teleportation
 k - 12 scrolls of poison
 l - 11 scrolls of magic mapping
 w - 10 scrolls of fear
 x - 3 scrolls of torment
 y - 2 scrolls of summoning
 F - 8 scrolls of fog
 I - 2 scrolls of amnesia
 K - 5 scrolls of silence
 P - 11 scrolls of immolation
Potions
 d - 7 potions of lignification
 e - 9 potions of mutation
 g - 7 potions of brilliance
 m - a potion of berserk rage
 n - 7 potions of invisibility
 r - 7 potions of curing
 u - 12 potions of flight
 z - 5 potions of resistance
 E - 7 potions of attraction
 H - 3 potions of might
 O - 4 potions of cancellation
 T - 11 potions of ambrosia
 V - 9 potions of heal wounds
 W - 8 potions of magic


   Skills:
 + Level 16.1 Fighting
 - Level 10.0 Throwing
 + Level 16.1 Armour
 - Level 10.0 Dodging
 - Level 18.0 Shields
 - Level 20.0 Unarmed Combat
 - Level 2.0 Spellcasting
 - Level 8.0 Translocations
 - Level 12.0 Transmutations
 - Level 4.0 Air Magic
 - Level 12.0 Poison Magic
 - Level 12.0 Invocations


You had 6 spell levels left.
You knew the following spells:

 Your Spells              Type           Power      Damage    Failure   Level
a - Blink                 Tloc           88%        N/A       3%          2
b - Vhi's Electric Charg  Tloc/Air       66%        N/A       14%         3
c - Manifold Assault      Tloc           44%        N/A       21%         4
d - Olgreb's Toxic Radia  Pois           60%        N/A       4%          4
e - Poisonous Vapours     Pois/Air       88%        N/A       3%          2
f - Apportation           Tloc           88%        N/A       2%          1
g - Eringya's Noxious Bo  Tmut/Pois      30%        N/A       50%         6

Your spell library contained the following spells:

 Spells                   Type           Power      Damage    Failure   Level
 Beastly Appendage        Tmut           100%       N/A       1%          1
 Sting                    Tmut/Pois      100%       1d8       1%          1
 Wereblood                Tmut           60%        N/A       1%          2
 Lesser Beckoning         Tloc           88%        N/A       3%          2
 Gell's Gravitas          Tloc           44%        N/A       6%          3
 Ignite Poison            Fire/Tmut/Pois 44%        N/A       6%          3
 Teleport Other           Tloc           44%        N/A       6%          3
 Passwall                 Tmut/Erth      27%        N/A       8%          2
 Cigotuvi's Dreadful Rot  Necr/Pois/Air  60%        N/A       10%         2
 Alistair's Intoxication  Tmut/Pois      40%        N/A       12%         5
 Blade Hands              Tmut           30%        N/A       12%         5
 Mephitic Cloud           Conj/Pois/Air  30%        N/A       19%         3
 Shock                    Conj/Air       52%        1d6       24%         1
 Swiftness                Air            23%        N/A       32%         3
 Static Discharge         Conj/Air       26%        2-4/arc   34%         2
 Ice Form                 Ice/Tmut       33%        N/A       41%         4
 Petrify                  Tmut/Erth      33%        N/A       41%         4
 Foxfire                  Conj/Fire      8%         2x1d4     45%         1
 Kiss of Death            Conj/Necr      8%         2d6       45%         1
 Magic Dart               Conj           8%         1d3       45%         1
 Slow                     Hex            8%         N/A       45%         1
 Call Imp                 Summ           4%         N/A       61%         2
 Ensorcelled Hibernation  Hex/Ice        4%         N/A       61%         2
 Sublimation of Blood     Necr           2%         N/A       61%         2
 Airstrike                Air            11%        2d(2-18)  69%         4
 Irradiate                Conj/Tmut      16%        3d17      75%         5
 Call Canine Familiar     Summ           2%         N/A       82%         3
 Confusing Touch          Hex            2%         N/A       82%         3
 Frozen Ramparts          Ice            4%         1d1       82%         3
 Stone Arrow              Conj/Erth      4%         3d7       82%         3
 Summon Guardian Golem    Hex/Summ       2%         N/A       82%         3
 Vampiric Draining        Necr           2%         2d6       82%         3
 Summon Lightning Spire   Summ/Air       13%        N/A       91%         4
 Summon Forest            Summ/Tloc      11%        N/A       95%         5
 Dispersal                Tloc           22%        N/A       95%         6
 Animate Armour           Summ/Erth      4%         N/A       99%         4
 Animate Dead             Necr           2%         N/A       99%         4
 Cause Fear               Hex            1%         N/A       99%         4
 Flame Wave               Conj/Fire      2%         2d4       99%         4
 Sticky Flame             Conj/Fire      2%         2d3       99%         4
 Summon Ice Beast         Ice/Summ       2%         N/A       99%         4
 Arcjolt                  Conj/Air       6%         1d16      99%         5
 Statue Form              Tmut/Erth      22%        N/A       99%         6
 Borgnjor's Vile Clutch   Necr/Erth      1%         N/A       100%        5
 Fireball                 Conj/Fire      1%         3d3       100%        5
 Freezing Cloud           Conj/Ice/Air   4%         6-21      100%        5
 Iskenderun's Battlesphe  Conj           2%         2d6       100%        5
 Summon Mana Viper        Hex/Summ       2%         N/A       100%        5
 Death Channel            Necr           1%         N/A       100%        6
 Iron Shot                Conj/Erth      1%         9d1       100%        6
 Plasma Beam              Fire/Air       6%         2x1d18    100%        6
 Starburst                Conj/Fire      1%         6d3       100%        6
 Summon Cactus Giant      Summ           1%         N/A       100%        6
 Dragon Form              Tmut           30%        N/A       96%         7
 Haunt                    Necr/Summ      1%         N/A       100%        7
 Orb of Destruction       Conj           1%         9d5       100%        7
 Spellforged Servitor     Conj/Summ      1%         N/A       100%        7
 Storm Form               Tmut/Air       22%        N/A       100%        7
 Summon Hydra             Summ           1%         N/A       100%        7
 Borgnjor's Revivificati  Necr           1%         N/A       100%        8
 Disjunction              Tloc           22%        N/A       100%        8
 Infestation              Necr           1%         N/A       100%        8
 Lehudib's Crystal Spear  Conj/Erth      1%         10d2      100%        8
 Maxwell's Capacitive Co  Air            11%        ∞         100%        8
 Necromutation            Tmut/Necr      16%        N/A       100%        8
 Death's Door             Necr           1%         N/A       100%        9
 Dragon's Call            Summ           1%         N/A       100%        9


Dungeon Overview and Level Annotations

Branches:
Dungeon (15/15)            Temple (1/1) D:5            Lair (5/5) D:8
  Swamp (4/4) Lair:2       Spider (4/4) Lair:3        Slime (5/5) Lair:4
    Orc (2/2) D:12            Elf (3/3) Orc:2        Vaults (5/5) D:14
  Crypt (0/3) Vaults:2     Depths (4/4) D:15            Zot (5/5) Depths:4
Volcano (visited)          WizLab (visited)         Gauntlet (visited)

Altars:
Ashenzari
Cheibriados
Dithmenos
Elyvilon
Fedhas
Gozag
Hepliaklqana
Kikubaaqudgha
Makhleb
Nemelex Xobeh
Okawaru
Qazlal
Ru
Sif Muna
Trog
Uskayaw
Vehumet
Wu Jian
Xom
Yredelemnul
Zin
The Shining One
Jiyva

Shops:
D:2 ?   Orc:1 =   Orc:2 [*!(   Elf:1 (   Vaults:3 :   Vaults:5 :[   Depths:1 *(
Depths:3 =[

Portals:
Hell: Depths:1 Depths:2 Depths:3 Depths:4
Abyss: Depths:1 Depths:3
Pandemonium: Depths:2
Ziggurat: Depths:1

Annotations:
D:8 exclusions: oklob plant and oklob sapling
D:13 3 runed translucent doors, Esekla's ghost, journeyman TeWr
Spider:2 2 transporters
Vaults:4 2 transporters, exclusion: orange crystal statue
Zot:4 4 transporters


Innate Abilities, Weirdness & Mutations

You are too large for most types of armour.
You have claws for hands.
Your natural rate of healing is unusually fast.
You are covered in fur. (AC +1)
You have tough skin. (AC +1)
You passively map a small area around you.


Message History

There is a stone staircase leading down here.
There is a stone staircase leading up here.
You climb upwards.
There is a stone staircase leading down here.
There is a stone staircase leading up here.
You climb upwards.
There is a stone staircase leading down here.
A tormentor comes into view.
You eviscerate the tormentor!!!
You kill the tormentor!
Cheibriados appreciates the change of pace.
No target in view!
(D) Dungeon (T) Temple (L) Lair (S) Swamp (N) Spider Nest (M) Slime Pits (O) Orcish Mines (E) Elven Halls (V) Vaults (C) Crypt (U) Depths (H) Hell (Z) Zot
Where to? (Enter - D:1, ? - help)
There is a stone staircase leading up here.
You climb upwards.
There is a stone staircase leading down here.
A neqoxec comes into view.
The neqoxec gestures at you.
Something tries to feed on your intellect!
Throw: 35 large rocks
Press: ? - help, Q - select action, (/) - cycle Shift-Dir - straight line, f - neqoxec
Aim: a neqoxec (74% to hit)
You throw a large rock. The large rock hits the neqoxec!!!
You kill the neqoxec!
Cheibriados appreciates the change of pace.
A blizzard demon comes into view.
Throw: 34 large rocks
Press: ? - help, Q - select action, (/) - cycle Shift-Dir - straight line, f - blizzard demon
Aim: a blizzard demon (78% to hit)
You throw a large rock.
The large rock hits the blizzard demon!!!
You kill the blizzard demon!
Cheibriados appreciates the change of pace.
You feel your strength returning.
There is a staircase leading out of the dungeon here.
You have escaped!

#.# ###..#.###>####.##### #.#
#.....## #..........# #####
#.####.##.####..#.....#.#
#...####..#..###.#..........#.#
......####..####.###..#(....#.#
#...### ##.# #..###..#.......#
##..# #.# #.##....###.....#
#..# ####.###.#####.# #.....#
##..# ##.'...#..@#..#.# #.....#
....# #.###....###..#.####....#
##.## #.####..## #..#.........#
#.# ##.# ##.# #..######....#
#.#####.# #.####..# ##.#.#
#....#.## ##..##..# #.#.#
#.###############..#######.#.#
#.###...........#............#
#.##............#..########.##


There were no monsters in sight!

Vanquished Creatures
  the Royal Jelly (Slime:5)
  4 dread liches
  3 orbs of fire (Zot:5)
  An ancient lich (Zot:5)
  Margery (Depths:4)
  8 Killer Klowns
  Bai Suzhen (Swamp:4)
  A caustic shrike (Zot:5)
  3 curse toes
  8 golden dragons
  Nikola (Spider:1)
  the Enchantress (Depths:1)
  3 bone dragons
  Arachne (Spider:2)
  A Hellbinder (WizLab)
  3 electric golems
  A hellephant (D:10)
  Jorgrun (Elf:1)
  3 doom hounds (Depths:3)
  15 tentacled monstrosities
  4 liches
  26 Orb Guardians
  Mlioglotl (Spider:4)
  A walking crystal tome (Depths:3)
  2 deep elf blademasters (Elf:3)
  Rupert (Orc:2)
  Grunn (Depths:3)
  6 titans
  5 tentacled starspawn
  14 acid blobs
  2 deep elf master archers (Elf:3)
  4 quicksilver dragons
  7 sphinxes
  Kirke (Spider:3)
  8 death cobs
  Gastronok (D:9)
  7 tengu reavers
  10 storm dragons
  Roxanne (Spider:2)
  8 shadow dragons
  A fenstrider witch (Depths:2)
  A draconian knight (Abyss:3)
  Donald (Swamp:1)
  A draconian monk (Zot:2)
  7 rockslimes
  11 azure jellies
  5 fire giants
  17 vault wardens
  8 deep elf sorcerers
  8 frost giants
  3 balrugs
  4 draconian scorchers
  3 emperor scorpions
  3 angels
  5 ghost moths
  7 deep elf elementalists
  6 draconian shifters
  4 draconian stormcallers
  A ghoul (Swamp:3)
  2 orc warlords
  7 quicksilver oozes
  A broodmother (Spider:2)
  16 ironbound preservers
  6 draconian annihilators
  22 very ugly things
  5 spriggan defenders
  7 ironbound thunderhulks
  7 war gargoyles
  9 stone giants
  A reaper (Depths:2)
  7 deep elf demonologists
  6 green draconians
  7 eleionomae
  A demonspawn black sun (WizLab)
  7 black draconians
  5 purple draconians
  A minotaur (Gauntlet)
  6 yellow draconians
  An elemental wellspring (Depths:2)
  3 bunyips
  6 dire elephants
  7 deep elf annihilators
  2 lorocyprocas
  11 red draconians
  Snorg (D:11)
  5 green deaths
  6 white draconians
  5 spark wasps
  9 ettins
  3 fire dragons
  11 deep elf death magi
  2 blizzard demons
  A crystal guardian (Vaults:2)
  20 yaktaur captains
  A merfolk impaler (Depths:1)
  A spriggan zombie (Depths:2)
  A quicksilver dragon zombie (Depths:2)
  3 deep elf high priests (Elf:3)
  2 entropy weavers
  3 salamander tyrants (Depths:2)
  13 great orbs of eyes
  A ghost crab (Swamp:1)
  10 ice dragons
  11 ironbound frosthearts
  Erolcha (D:9)
  6 peacekeepers
  A radroach (Spider:3)
  A merfolk avatar (Lair:5)
  35 vault guards
  11 hydras
  A jorogumo (Spider:2)
  6 spriggan air magi
  8 rakshasas
  2 ogre magi (Vaults:5)
  A catoblepas (shapeshifter) (Vaults:5)
  A catoblepas (Gauntlet)
  A merfolk aquamancer (Depths:2)
  2 two-headed ogres
  Erica (D:8)
  An anaconda (Lair:1)
  9 centaur warriors
  4 hell beasts
  3 boulder beetles
  A death knight (Vaults:2)
  5 deep troll shamans
  7 alligators
  6 dancing weapons
  7 tengu warriors
  7 thrashing horrors
  A vampire mage (Vaults:2)
  9 death yaks
  4 deep troll earth magi
  7 spriggan berserkers
  4 hell knights (Depths:4)
  10 deep elf knights
  Sonja (Orc:1)
  6 sun demons
  A fire crab (shapeshifter) (Vaults:5)
  A skyshark (Lair:3)
  8 wretched stars
  A fire crab (Lair:1)
  3 iron trolls
  2 pharaoh ants (Spider:2)
  6 sixfirhies
  3 skeletal warriors
  A spatial maelstrom (Abyss:2)
  Amaemon (Lair:2)
  3 sun moths
  2 flayed ghosts
  6 orb spiders
  3 shadow demons
  11 swamp dragons
  12 goliath frogs
  14 bog bodies
  7 spriggan druids
  3 phantasmal warriors
  5 glowing orange brains
  41 deep trolls
  8 deep elf archers
  11 ironbound convokers
  3 steelbarb worms
  A golden dragon skeleton (Depths:3)
  8 wizards
  2 lindwurms
  3 tengu zombies
  5 harpies
  An anaconda skeleton (Abyss:3)
  16 deep elf zephyrmancers
  6 orc knights
  23 deep elf pyromancers
  2 fire giant zombies
  17 wolf spiders
  11 necromancers
  A glowing shapeshifter (Depths:2)
  4 manticores
  A salamander (shapeshifter) (Depths:3)
  2 shining eyes
  A sphinx zombie (D:15)
  An iron dragon zombie (Depths:1)
  A will-o-the-wisp (Swamp:1)
  12 orc sorcerers
  3 worldbinders
  34 ugly things
  22 moths of wrath
  A frost giant skeleton (Vaults:4)
  2 salamanders (Volcano)
  A black mamba (shapeshifter) (D:9)
  17 elephants
  6 cyclopes
  3 black mambas
  A water nymph (Depths:2)
  An apocalypse crab (Abyss:2)
  2 naga magi (Vaults:2)
  A stone giant skeleton (D:15)
  5 molten gargoyles
  4 torpor snails
  An eye of devastation (Slime:5)
  3 demonic crawlers
  9 gargoyles
  12 vault sentinels
  16 cane toads
  A cane toad (shapeshifter) (Abyss:3)
  9 smoke demons
  A yaktaur zombie (Vaults:4)
  2 hellions
  2 kobold demonologists
  8 orange demons
  6 rime drakes
  12 komodo dragons
  13 large abominations
  An unseen horror (D:12)
  48 yaktaurs
  3 tormentors
  5 tengu conjurers
  4 ice devils
  7 freezing wraiths
  3 red devils
  2 hydra zombies (Swamp:3)
  4 trolls
  A merfolk (Depths:2)
  4 ancient zymes
  A wind drake (shapeshifter) (Depths:2)
  4 hellwings
  46 hornets
  12 meliai
  5 polar bears
  A tengu simulacrum (Depths:1)
  Grinder (D:3)
  35 blink frogs
  2 ettin zombies
  9 tyrant leeches
  A tarantella (shapeshifter) (D:13)
  A dream sheep (Lair:5)
  21 tarantellas
  2 snapping turtles (Lair:5)
  A stone giant simulacrum (Vaults:3)
  22 jumping spiders
  A sphinx simulacrum (Depths:3)
  10 raiju
  3 flying skulls (Abyss:2)
  Sigmund (D:3)
  A shapeshifter (Elf:1)
  10 water elementals
  7 shadows
  28 spriggans
  4 wyverns
  4 ettin skeletons
  107 slime creatures
  6 air elementals
  A vampire (D:9)
  2 wraiths
  13 culicivoras
  A hog (Spider:3)
  5 ynoxinuls
  18 humans (D:14)
  39 yaks
  7 golden eyes
  3 basilisks
  2 fire elementals
  A steam dragon (Lair:1)
  46 redbacks
  3 neqoxecs
  22 vampire mosquitoes
  8 chaos spawn
  5 wargs
  13 small abominations
  A hydra simulacrum (Abyss:1)
  2 spatial vortices (Abyss:2)
  11 swamp worms
  13 water moccasins
  A glowing shapeshifter skeleton (Depths:3)
  A floating eye (shapeshifter) (Depths:4)
  2 hell hounds (Lair:4)
  3 swamp drakes
  5 black bears
  4 ice beasts
  3 sky beasts
  31 orc warriors
  6 ogres
  5 boggarts (Vaults:2)
  21 wolves
  12 centaurs
  A phantom (D:6)
  5 bullfrogs
  2 gnoll sergeants
  A glowing shapeshifter simulacrum (Depths:2)
  4 scorpions
  3 necrophages (Swamp:3)
  A demonspawn simulacrum (Abyss:1)
  2 earth elementals (Elf:2)
  8 wights
  13 killer bees
  4 electric eels
  4 howler monkeys
  A quasit (Abyss:2)
  47 starcursed masses
  3 gnoll boudas
  2 jellies
  13 orc priests
  Crazy Yiuf (D:4)
  4 hounds
  An iron imp (Abyss:2)
  A sleepcap (D:6)
  Jessica (D:2)
  Natasha (thrice) (D:2)
  31 orc wizards
  An iguana (D:5)
  11 hell rats
  Robin (D:3)
  18 gnolls
  9 adders
  4 river rats (Lair:5)
  A shadow imp (Abyss:2)
  3 white imps
  6 ufetubi
  5 worms
  3 dart slugs
  88 orcs
  12 ball pythons
  5 endoplasms
  4 giant cockroaches
  17 goblins
  10 hobgoblins
  6 jackals
  11 kobolds
  4 quokkas
  6 bats
  4 frilled lizards
  10 rats
  5 starspawn tentacles
2309 creatures vanquished.

Vanquished Creatures (collateral kills)
  2 pharaoh ants (Spider:2)
2 creatures vanquished.

Vanquished Creatures (others)
  Asterion (Vaults:2)
  A white draconian (Zot:2)
  A sun moth (Spider:4)
  An orb spider (Spider:1)
  A wizard (Vaults:2)
  2 deep elf pyromancers
  2 bloated husks
  4 orc wizards (Orc:2)
  A white imp (Abyss:2)
  An orc (Orc:1)
  6 foxfires
  15 starspawn tentacles
36 creatures vanquished.

Grand Total: 2347 creatures vanquished

Notes
Turn   | Place    | Note
-------+----------+-------------------------------------------
     0 | D:1      | sasquatch the Troll Warper began the quest for the Orb.
     0 | D:1      | Reached XP level 1. HP: 19/19 MP: 1/1
   174 | D:1      | Reached XP level 2. HP: 28/28 MP: 2/2
   780 | D:2      | Noticed Natasha
   784 | D:2      | Killed Natasha
   785 | D:2      | Reached skill level 3 in Unarmed Combat
   785 | D:2      | Reached XP level 3. HP: 35/35 MP: 3/3
  1007 | D:2      | Noticed Natasha
  1010 | D:2      | Killed Natasha
  1011 | D:2      | Reached XP level 4. HP: 42/42 MP: 4/4
  1063 | D:2      | Learned a level 2 spell: Blink
  1067 | D:2      | Learned a level 3 spell: Vhi's Electric Charge
  1257 | D:2      | Found Dughifesh's Magic Scroll Shoppe.
  1266 | D:2      | Bought a scroll of teleportation for 33 gold pieces
  1266 | D:2      | Bought a scroll of identify for 22 gold pieces
  1276 | D:2      | Noticed Natasha
  1280 | D:2      | Killed Natasha
  1371 | D:2      | Noticed Jessica
  1375 | D:2      | Killed Jessica
  1376 | D:2      | Reached skill level 4 in Unarmed Combat
  1376 | D:2      | Reached XP level 5. HP: 45/50 MP: 5/5
  1597 | D:3      | Noticed Robin
  1639 | D:3      | Killed Robin
  1656 | D:3      | Identified the +1 hand axe "Zejam" {freeze, rF+}
  1719 | D:3      | Noticed Sigmund
  1736 | D:3      | Killed Sigmund
  1737 | D:3      | Reached skill level 5 in Unarmed Combat
  1737 | D:3      | Reached XP level 6. HP: 27/61 MP: 6/6
  1928 | D:3      | Found a sacrificial altar of Ru.
  1946 | D:3      | Found a faded altar of an unknown god.
  2035 | D:3      | Noticed Grinder
  2035 | D:3      | Paralysed by Grinder for 3 turns
  2052 | D:3      | Paralysed by Grinder for 4 turns
  2064 | D:3      | Killed Grinder
  2065 | D:3      | Reached XP level 7. HP: 28/67 MP: 7/7
  2329 | D:4      | Found a basalt altar of Yredelemnul.
  2412 | D:4      | Reached skill level 6 in Unarmed Combat
  2754 | D:4      | Found a runed translucent door.
  2755 | D:4      | Noticed Crazy Yiuf
  2762 | D:4      | Killed Crazy Yiuf
  3116 | D:4      | Reached skill level 7 in Unarmed Combat
  3116 | D:4      | Reached XP level 8. HP: 78/78 MP: 8/8
  3181 | D:5      | Entered Level 5 of the Dungeon
  3218 | D:5      | Learned a level 4 spell: Manifold Assault
  3227 | D:5      | Found a snail-covered altar of Cheibriados.
  3367 | D:5      | Found a staircase to the Ecumenical Temple.
  3407 | Temple   | Entered the Ecumenical Temple
  3562 | D:5      | Became a worshipper of Cheibriados the Contemplative
  3635 | D:5      | Reached skill level 8 in Unarmed Combat
  4131 | D:6      | Reached skill level 5 in Fighting
  4436 | D:7      | Noticed a gargoyle
  4444 | D:7      | Killed a gargoyle
  4445 | D:7      | Reached skill level 9 in Unarmed Combat
  4445 | D:7      | Reached XP level 9. HP: 43/88 MP: 9/9
  4958 | D:7      | Reached skill level 10 in Unarmed Combat
  5286 | D:8      | Reached * piety under Cheibriados
  5303 | D:8      | Noticed a troll
  5309 | D:8      | Killed a troll
  5364 | D:8      | Found a staircase to the Lair.
  5484 | D:8      | Reached ** piety under Cheibriados
  5494 | D:8      | Reached skill level 11 in Unarmed Combat
  5529 | D:8      | Found an ornate altar of the Wu Jian Council.
  5689 | D:8      | Found a glowing silver altar of Zin.
  5690 | D:8      | Found an iron altar of Okawaru.
  5749 | D:8      | Noticed an oklob plant
  5798 | D:8      | Noticed Erica
  5818 | D:8      | Killed Erica
  5819 | D:8      | Reached skill level 5 in Translocations
  5819 | D:8      | Reached XP level 10. HP: 94/100 MP: 10/10
  6292 | D:8      | Reached *** piety under Cheibriados
  6297 | D:8      | Paralysed by a hornet for 1 turns
  6427 | D:9      | Noticed a two-headed ogre
  6430 | D:9      | Killed a two-headed ogre
  6431 | D:9      | Reached skill level 12 in Unarmed Combat
  6454 | D:9      | Noticed Erolcha
  6464 | Abyss:1  | Cast into level 1 of the Abyss (Erolcha)
  6469 | Abyss:1  | Found a corrupted altar of Lugonu.
  6478 | D:9      | Escaped the Abyss
  6518 | Lair:1   | Entered Level 1 of the Lair of Beasts
  6983 | Lair:1   | Reached XP level 11. HP: 110/110 MP: 11/11
  7344 | Lair:1   | Identified the +2 cloak of Reason {rElec rC+ Will+ Str-5
                  | Stlth+}
  7501 | Lair:1   | Noticed a dire elephant
  7515 | Lair:1   | Killed a dire elephant
  7516 | Lair:1   | Reached skill level 13 in Unarmed Combat
  7550 | Lair:1   | Noticed an anaconda
  7560 | Lair:1   | Killed an anaconda
  7622 | Lair:1   | Noticed an eight-headed hydra
  7699 | Lair:1   | Killed a six-headed hydra
  7789 | Lair:1   | Reached **** piety under Cheibriados
  7807 | Lair:1   | Noticed a fire crab
  7819 | Lair:1   | Reached skill level 14 in Unarmed Combat
  7838 | Lair:1   | Killed a fire crab
  8130 | Lair:2   | Noticed a bog body
  8131 | Lair:2   | Noticed a bog body
  8139 | Lair:2   | Killed a bog body
  8140 | Lair:2   | Reached XP level 12. HP: 71/119 MP: 12/12
  8187 | Lair:2   | Found a staircase to the Swamp.
  8194 | Lair:2   | Reached skill level 15 in Unarmed Combat
  8336 | Lair:2   | Reached ***** piety under Cheibriados
  8361 | Lair:2   | Noticed Amaemon
  8693 | Lair:2   | HP: 4/124 [cane toad (16)]
  8985 | Lair:2   | Killed Amaemon
  9256 | Lair:3   | Reached skill level 16 in Unarmed Combat
  9276 | Lair:3   | Found a hole to the Spider Nest.
  9360 | Lair:3   | Reached skill level 10 in Fighting
  9420 | Lair:3   | Reached skill level 1 in Invocations
 10061 | Lair:4   | Reached skill level 5 in Invocations
 10097 | Lair:4   | Reached XP level 13. HP: 56/133 MP: 16/16
 10230 | Lair:4   | Found a dark tunnel.
 10239 | Volcano  | Entered a volcano
 10463 | Volcano  | Reached ****** piety under Cheibriados
 10464 | Volcano  | Reached skill level 1 in Shields
 10640 | Volcano  | Noticed an orb of fire
 10772 | Volcano  | Noticed an orb of fire
 11105 | Lair:4   | Reached skill level 5 in Shields
 11355 | Lair:4   | Found a staircase to the Slime Pits.
 11355 | Lair:4   | Found a viscous altar of Jiyva.
 11485 | Lair:5   | Entered Level 5 of the Lair of Beasts
 11873 | Lair:4   | Reached XP level 14. HP: 38/143 MP: 19/19
 12205 | Lair:5   | Reached skill level 10 in Shields
 12205 | Lair:5   | Reached skill level 1 in Throwing
 12425 | Lair:5   | Reached skill level 5 in Throwing
 12514 | Lair:5   | Reached skill level 1 in Armour
 12865 | Lair:5   | Identified the +4 trident of the Eternal Void {freeze,
                  | Str+3}
 12875 | Lair:5   | Identified the +6 falchion "Viomuol" {flame, rPois rC-
                  | rCorr Str+7 Dex+3}
 13270 | D:9      | Killed Erolcha
 13335 | D:9      | Noticed Gastronok
 13340 | D:9      | Killed Gastronok
 14012 | D:9      | Found a burning altar of Makhleb.
 14043 | D:10     | Entered Level 10 of the Dungeon
 14270 | D:10     | Found a shadowy altar of Dithmenos.
 15333 | D:11     | Noticed Snorg
 15341 | D:11     | Killed Snorg
 15776 | D:12     | Found a staircase to the Orcish Mines.
 16020 | D:12     | Reached XP level 15. HP: 86/149 MP: 20/20
 16241 | Orc:1    | Entered Level 1 of the Orcish Mines
 16250 | Orc:1    | Reached skill level 5 in Armour
 16304 | Orc:1    | Noticed Sonja
 16315 | Orc:1    | Killed Sonja
 16494 | Orc:2    | Entered Level 2 of the Orcish Mines
 16519 | Orc:2    | Noticed Rupert
 16553 | Orc:2    | Found a staircase to the Elven Halls.
 16582 | Orc:2    | Killed Rupert
 16763 | Orc:2    | Found Rour's Assorted Antiques.
 16763 | Orc:2    | Found Cusiphu's Armour Shop.
 16775 | Orc:2    | Bought a scroll labelled RUGUISTR JUIXA for 32 gold pieces
 16829 | Orc:2    | Found Limmya's Distillery.
 16832 | Orc:2    | Found Suruen's Antique Weapon Shoppe.
 17262 | Orc:2    | Bought a potion of heal wounds for 60 gold pieces
 17262 | Orc:2    | Bought a potion of curing for 36 gold pieces
 17262 | Orc:2    | Bought a potion of curing for 36 gold pieces
 17262 | Orc:2    | Bought 2 potions of heal wounds for 120 gold pieces
 17262 | Orc:2    | Bought a potion of curing for 36 gold pieces
 17301 | Orc:2    | Bought a potion of might for 128 gold pieces
 17301 | Orc:2    | Bought a scroll of fear for 128 gold pieces
 17368 | Orc:1    | Found Acvopn's Jewellery Boutique.
 17380 | Orc:1    | Bought the ring of Utsookhli {rC++ SInv} for 592 gold
                  | pieces
 17603 | Orc:1    | Bought a ring of willpower for 375 gold pieces
 17845 | Swamp:1  | Entered Level 1 of the Swamp
 17846 | Swamp:1  | Upgraded the game from 0.30.0-13-g156ef70053 to
                  | 0.30.0-15-g856e2d3f33
 17979 | Swamp:1  | HP: 3/136 [swamp worm (12)]
 17991 | Swamp:1  | Learned a level 4 spell: Olgreb's Toxic Radiance
 17994 | Swamp:1  | Learned a level 2 spell: Poisonous Vapours
 18086 | Swamp:1  | You fall into a shaft and drop 1 floor!
 18104 | Swamp:2  | Reached skill level 1 in Poison Magic
 18158 | Swamp:2  | Reached skill level 1 in Air Magic
 18757 | Swamp:2  | Noticed Donald
 18790 | Swamp:1  | Killed Donald
 19242 | Swamp:2  | Reached skill level 10 in Invocations
 19517 | Swamp:2  | Reached XP level 16. HP: 152/158 MP: 22/22
 19977 | Swamp:3  | Got the Omnibus of Reanimation Made Easy
 20264 | Swamp:3  | Found an ornate altar of the Wu Jian Council.
 20600 | Swamp:4  | Entered Level 4 of the Swamp
 20841 | Swamp:4  | Noticed Bai Suzhen
 21000 | Swamp:4  | Killed Bai Suzhen
 21009 | Swamp:4  | Reached skill level 5 in Poison Magic
 21664 | Swamp:4  | Noticed a tentacled monstrosity
 21674 | Swamp:4  | Killed a tentacled monstrosity
 21910 | Swamp:4  | Got a decaying rune of Zot
 22103 | Spider:1 | Entered Level 1 of the Spider Nest
 22362 | Spider:1 | Noticed Nikola
 22398 | Spider:1 | Killed Nikola
 23181 | Spider:2 | Found a transporter.
 23194 | Spider:2 | Found a transporter.
 23208 | Spider:2 | Noticed Arachne
 23216 | Spider:2 | Killed Arachne
 23344 | Spider:2 | Reached XP level 17. HP: 166/166 MP: 25/25
 23485 | Spider:2 | Identified Roxanne's Tractate on Shapeshifting
 23485 | Spider:2 | Noticed Roxanne
 23606 | Spider:2 | Killed Roxanne
 23672 | Spider:2 | Learned a level 1 spell: Apportation
 23999 | Spider:2 | Reached skill level 5 in Dodging
 24798 | Spider:3 | Noticed Kirke
 24807 | Spider:3 | Killed Kirke
 24971 | Spider:4 | Entered Level 4 of the Spider Nest
 25084 | Spider:4 | Noticed Mlioglotl
 25099 | Spider:4 | Killed Mlioglotl
 25543 | Spider:4 | Paralysed by a hornet for 2 turns
 26528 | Spider:4 | Got a gossamer rune of Zot
 26953 | D:13     | Found a gate leading to a gauntlet.
 26960 | Gauntlet | Entered a Gauntlet
 26960 | Gauntlet | Found a transporter.
 26960 | Gauntlet | Found a runed translucent door.
 26960 | Gauntlet | Found a transporter.
 26960 | Gauntlet | Found a transporter.
 26960 | Gauntlet | Found a runed translucent door.
 26961 | Gauntlet | Found a transporter.
 26962 | Gauntlet | Found a transporter.
 26965 | Gauntlet | Found a transporter.
 26972 | Gauntlet | Found a transporter.
 26974 | Gauntlet | Found a transporter.
 26976 | Gauntlet | Found a transporter.
 26981 | Gauntlet | Found a transporter.
 26982 | Gauntlet | Found a runed translucent gate.
 26984 | Gauntlet | Found a transporter.
 26984 | Gauntlet | Found a transporter.
 26985 | Gauntlet | Found a runed translucent gate.
 26986 | Gauntlet | Found a runed translucent gate.
 27213 | Gauntlet | Identified the amulet "Vyivoro" {Spirit rPois MP+9 Str+3
                  | SInv}
 27299 | Gauntlet | Identified the ring "Boimuitu" {+Blink Int+6}
 27844 | D:13     | Found a runed translucent gate.
 27845 | D:13     | Found a runed translucent gate.
 27845 | D:13     | Found a runed translucent gate.
 27846 | D:13     | Noticed an acid blob
 27847 | D:13     | Noticed Esekla's ghost (journeyman TeWr)
 27848 | D:13     | Noticed an acid blob
 27849 | D:13     | Found a viscous altar of Jiyva.
 28493 | D:14     | Reached XP level 18. HP: 176/176 MP: 26/26
 28562 | D:14     | Identified the ring of the Furies {rPois rC+ rN++ Int-2}
 28754 | D:14     | Found a gate to the Vaults.
 29044 | D:15     | Entered Level 15 of the Dungeon
 29514 | D:15     | Found a staircase to the Depths.
 30049 | Vaults:1 | Entered Level 1 of the Vaults
 30221 | Vaults:1 | Reached skill level 10 in Poison Magic
 31443 | Vaults:2 | Noticed Asterion
 31457 | Vaults:2 | Killed Asterion
 31627 | Vaults:2 | Found a radiant altar of Vehumet.
 31627 | Vaults:2 | Noticed a lich
 31632 | Vaults:2 | Killed a lich
 31637 | Vaults:2 | Identified the +1 hat of Etrull {Will+ Regen+ Slay+6}
 31928 | Vaults:2 | Reached XP level 19. HP: 171/193 MP: 27/27
 32159 | Vaults:2 | Found a staircase to the Crypt.
 32785 | Vaults:2 | You fall into a shaft and drop 1 floor!
 33036 | Vaults:3 | HP: 2/196 [ironbound thunderhulk/+0 dire flail (29)]
 33158 | Vaults:3 | Reached skill level 10 in Armour
 33514 | Vaults:3 | Found Vetorphe's Book Emporium.
 33519 | Vaults:3 | Bought Great Wizards, Vol. II for 532 gold pieces
 33526 | Vaults:3 | Learned a level 6 spell: Eringya's Noxious Bog
 33585 | Vaults:3 | Reached skill level 1 in Transmutations
 33833 | Vaults:3 | Identified the +7 hand axe "Nehuy" {protect, Int+4 SInv}
 34685 | Vaults:4 | Identified a scroll of acquirement
 34692 | Vaults:4 | Reached XP level 20. HP: 206/206 MP: 28/28
 34719 | Vaults:4 | Acquired a +0 tower shield of positive energy
 35464 | Vaults:4 | Found a transporter.
 35466 | Vaults:4 | Noticed an ancient lich
 35744 | Vaults:4 | Identified the +10 spear of Mandamus {flame, *Rage rF+
                  | Dex+4}
 35747 | Vaults:4 | Identified the +9 falchion of Ceacalas {pain, Fly rC+}
 35752 | Vaults:4 | Found a transporter.
 35772 | Vaults:4 | Identified the +10 arbalest of the Skies Above {elec, Fly
                  | rElec rF- Int+5}
 35778 | Vaults:4 | Identified the +1 arbalest "Wonaar Gamei" {freeze, Dex+4
                  | SInv}
 36105 | Depths:1 | Entered Level 1 of the Depths
 36117 | Depths:1 | Reached skill level 5 in Transmutations
 36142 | Depths:1 | Found a gateway to Hell.
 36408 | Depths:1 | Found Ythraime's Weapon Shoppe.
 36408 | Depths:1 | Found Jaxuo's Assorted Antiques.
 36602 | Depths:1 | Found a radiant altar of Vehumet.
 36779 | Depths:1 | Identified the +6 rapier of Woe {elec, *Slow rPois Will+}
 36795 | Depths:1 | Found Zin's Purification Station.
 36795 | Depths:1 | Found a glowing silver altar of Zin.
 36815 | Depths:1 | Found a one-way gateway to a ziggurat.
 36884 | Depths:1 | Noticed the Enchantress
 36885 | Depths:1 | Identified the +4 hand axe of Ubasuj {pain, rC+ Int+3}
 36887 | Depths:1 | Killed the Enchantress
 36967 | Depths:1 | Found a portal to a secret trove of treasure.
 37004 | Depths:1 | Found a one-way gate to the infinite horrors of the Abyss.
 37502 | Depths:1 | Bought a potion of curing for 90 gold pieces
 37562 | Depths:2 | Reached skill level 15 in Shields
 37788 | Depths:2 | Found a blossoming altar of Fedhas.
 38040 | Depths:2 | Found a one-way gate leading to the halls of Pandemonium.
 38579 | Depths:2 | Reached XP level 21. HP: 214/214 MP: 29/29
 38619 | Depths:2 | Identified the +1 robe "Gyuseaq" {+Inv rElec Int+8 Dex-3}
 39143 | Depths:3 | Found Dysudih's Armour Emporium.
 39145 | Depths:3 | Found Askuczer's Book Shoppe.
 39148 | Depths:3 | Found Voust's Jewellery Emporium.
 39210 | Depths:3 | Found a shimmering altar of Xom.
 39265 | Depths:3 | Noticed Grunn
 39296 | Depths:3 | Killed Grunn
 39865 | Depths:4 | Entered Level 4 of the Depths
 40362 | Depths:4 | Noticed Margery
 40375 | Depths:4 | Killed Margery
 40448 | Depths:4 | Found an opulent altar of Gozag.
 40534 | Depths:4 | Reached skill level 10 in Transmutations
 40602 | Depths:4 | Noticed a golden dragon
 40619 | Depths:4 | Killed a golden dragon
 40981 | Depths:4 | Found a gate to the Realm of Zot.
 41497 | Elf:1    | Entered Level 1 of the Elven Halls
 41616 | Elf:1    | Found Kovvarum's Weapon Boutique.
 41618 | Elf:1    | Paralysed by an air elemental for 1 turns
 41650 | Elf:1    | Paralysed by an air elemental for 1 turns
 41879 | Elf:1    | Found a crumbling gateway.
 41879 | Elf:1    | Noticed Jorgrun
 41897 | Elf:1    | Killed Jorgrun
 41902 | Elf:1    | Found a white marble altar of Elyvilon.
 41902 | Elf:1    | Found a glowing golden altar of the Shining One.
 41902 | Elf:1    | Found a glowing silver altar of Zin.
 42215 | Elf:2    | Found a magical portal.
 42224 | WizLab   | Entered The Hall of the Hellbinder
 42238 | WizLab   | Reached XP level 22. HP: 223/223 MP: 26/30
 42518 | WizLab   | Found a burning altar of Makhleb.
 42531 | WizLab   | Got Kozxir's Anthology of Apparitions
 42753 | Elf:2    | Paralysed by an air elemental for 1 turns
 42827 | Elf:3    | Entered Level 3 of the Elven Halls
 42901 | Elf:3    | Paralysed by an air elemental for 1 turns
 43171 | Elf:3    | Paralysed by an air elemental for 1 turns
 43187 | Elf:3    | Reached skill level 17 in Unarmed Combat
 43367 | Elf:3    | Identified the +2 glaive of the Endless March {spect, rF-
                  | Int+7}
 43373 | Elf:3    | Identified the +5 mace of Profit {flame, Will+}
 43377 | Elf:3    | Identified the +7 short sword of Barnacled Absolution
                  | {vamp, rCorr Str+5 Int+2 Stlth-}
 43388 | Elf:3    | Paralysed by an air elemental for 1 turns
 43392 | Elf:3    | Paralysed by an air elemental for 1 turns
 43512 | Elf:3    | Reached skill level 15 in Fighting
 43563 | Elf:3    | Identified the +2 long sword of Collusion {spect, rC+ rN+++
                  | Int+5}
 43563 | Elf:3    | Identified the ring of Canueps {rN+ MP+9 Dex+6}
 43613 | Elf:3    | Identified the amulet of the Insatiable Violins {Acrobat
                  | rElec}
 43789 | Elf:3    | Got Yrugacog's Folio of Damage
 43910 | Elf:2    | Paralysed by an air elemental for 1 turns
 44191 | Vaults:5 | Entered Level 5 of the Vaults
 44202 | Vaults:5 | Reached skill level 18 in Unarmed Combat
 44526 | Vaults:5 | Noticed a dread lich
 44653 | Vaults:5 | Reached XP level 23. HP: 228/239 MP: 31/31
 44699 | Vaults:5 | Found Fuwior's Book Boutique.
 44856 | Vaults:5 | Identified the ring "Loick" {Fire Str+5}
 45223 | Vaults:5 | Noticed a dread lich
 45239 | Vaults:5 | Killed a dread lich
 45281 | Vaults:5 | Killed a dread lich
 45337 | Vaults:5 | Got a silver rune of Zot
 45441 | Vaults:5 | Found the +3 giant club "Skullcrusher" {speed, Str+7}
 45445 | Vaults:5 | Found Noffy's Armour Emporium.
 45450 | Vaults:5 | Identified the +1 whip of Iloedole {antimagic, Int+4}
 45456 | Vaults:5 | Identified the +6 mace "Hilomeygg" {spect, +Blink rF+ Dex-5
                  | Stlth+}
 45677 | Vaults:5 | Acquired +1 gold dragon scales
 45801 | Vaults:5 | Noticed a dread lich
 45809 | Vaults:5 | Killed a dread lich
 45917 | Vaults:5 | Identified the +6 glaive of the Grey Skies {drain, Int+3}
 46317 | Depths:1 | You paid a toll of 16 potions of curing to enter a treasure
                  | trove
 46318 | Trove    | Entered a treasure trove
 46325 | Trove    | Identified the ring of Starshine {rElec Will- rCorr AC+4}
 46333 | Trove    | Identified the amulet of the Ant {Faith Will+ Dex+4}
 46337 | Trove    | Identified the ring of Eternal Harmony {Fly Str+6}
 46343 | Trove    | Identified the ring of Zesaes {Str+6 Dex+3}
 46347 | Trove    | Identified the ring of the Holding Seer {Wiz *Corrode Str+2
                  | Slay+3}
 46354 | Trove    | Identified the ring of Hewk {rC++ Str-3 Dex+5 SInv}
 46357 | Trove    | Identified the ring of the Voracious God {Wiz rF+}
 46759 | Slime:1  | Entered Level 1 of the Pits of Slime
 47034 | Slime:5  | Entered Level 5 of the Pits of Slime
 47269 | Slime:5  | Noticed the Royal Jelly
 47281 | Slime:5  | Killed the Royal Jelly
 47349 | Slime:5  | Found the +1 robe of Vines {NoPotionHeal Regen++++}
 47457 | Slime:5  | Identified the ring of Ihex Ercheas {+Blink rN+ Int+6
                  | Slay+3}
 47474 | Slime:5  | Identified the staff of conjuration "Daliung" {rN+}
 47510 | Slime:5  | Identified the +3 long sword of Proximity {speed, rElec
                  | MP+9 Str+2 Stlth-}
 47512 | Slime:5  | Got a slimy rune of Zot
 47513 | Slime:5  | Identified the staff of air "Ohaonaca" {rElec Stlth+}
 47991 | Depths:1 | Voluntarily entered the Abyss.
 47994 | Abyss:1  | Found a corrupted altar of Lugonu.
 48277 | Abyss:2  | Found a corrupted altar of Lugonu.
 48397 | Abyss:2  | Found a corrupted altar of Lugonu.
 48623 | Abyss:2  | Reached XP level 24. HP: 192/198 MP: 24/24
 49074 | Abyss:3  | Paralysed by accursed screaming for 1 turns
 49076 | Abyss:3  | Got an abyssal rune of Zot
 49077 | Abyss:3  | Paralysed by accursed screaming for 2 turns
 49086 | Abyss:3  | Paralysed by accursed screaming for 2 turns
 49092 | Abyss:3  | Paralysed by accursed screaming for 1 turns
 49285 | Depths:1 | Escaped the Abyss
 49423 | Zot:1    | Entered Level 1 of the Realm of Zot
 50759 | Zot:2    | Reached skill level 10 in Dodging
 51654 | Zot:3    | HP: 12/248 [purple draconian shifter/bolt of dispelling
                  | energy (50)]
 51942 | Zot:3    | Noticed a Killer Klown
 51967 | Zot:2    | Killed a Killer Klown
 52731 | Zot:4    | Reached XP level 25. HP: 256/256 MP: 31/31
 52858 | Zot:4    | Found a transporter.
 52887 | Zot:4    | Found a transporter.
 53013 | Zot:4    | Found a transporter.
 53071 | Zot:4    | Found a transporter.
 53285 | Zot:5    | Entered Level 5 of the Realm of Zot
 53325 | Zot:5    | Noticed a Killer Klown
 53329 | Zot:5    | a Killer Klown changed into a caustic shrike
 53361 | Zot:5    | Reached skill level 15 in Armour
 53775 | Zot:5    | Noticed an orb of fire
 53776 | Zot:5    | Gained mutation: You have hidden genetic potential. [an orb
                  | of fire]
 53776 | Zot:5    | Noticed a Killer Klown
 53779 | Zot:5    | Gained mutation: You occasionally shout uncontrollably at
                  | your foes. [an orb of fire]
 53779 | Zot:5    | Gained mutation: You are weak. (Str -2) [an orb of fire]
 53784 | Zot:5    | Killed an orb of fire
 53792 | Zot:5    | Killed a Killer Klown
 53793 | Zot:5    | Noticed an orb of fire
 53794 | Zot:5    | Gained mutation: Your magical capacity is low. (-10% MP)
                  | [an orb of fire]
 53794 | Zot:5    | Noticed a Killer Klown
 53802 | Zot:5    | a Killer Klown changed into a titan
 53804 | Zot:5    | Killed an orb of fire
 53940 | Zot:5    | Noticed a Killer Klown
 54139 | Zot:5    | Killed a Killer Klown
 54140 | Zot:5    | Reached skill level 10 in Throwing
 54140 | Zot:5    | Reached skill level 19 in Unarmed Combat
 54274 | Zot:5    | Noticed a Killer Klown
 54278 | Zot:5    | Noticed a Killer Klown
 54280 | Zot:5    | Noticed a Killer Klown
 54293 | Zot:5    | Killed a Killer Klown
 54294 | Zot:5    | Noticed an ancient lich
 54297 | Zot:5    | Noticed a Killer Klown
 54299 | Zot:5    | Noticed a Killer Klown
 54301 | Zot:5    | Killed an ancient lich
 54302 | Zot:5    | Killed a Killer Klown
 54305 | Zot:5    | Killed a Killer Klown
 54307 | Zot:5    | Killed a Killer Klown
 54324 | Zot:5    | Noticed an orb of fire
 54613 | Zot:5    | Gained mutation: You are frail. (-10% HP) [an orb of fire]
 54616 | Zot:5    | Killed a Killer Klown
 54627 | Zot:5    | Gained mutation: You are dopey. (Int -2) [an orb of fire]
 54633 | Zot:5    | Killed an orb of fire
 54667 | Zot:5    | Noticed a dread lich
 54676 | Zot:5    | Killed a dread lich
 54823 | Zot:5    | Lost mutation: You are frail. (-10% HP) [potion of
                  | mutation]
 54823 | Zot:5    | Lost mutation: You are dopey. (Int -2) [potion of mutation]
 54823 | Zot:5    | Lost mutation: Your magical capacity is low. (-10% MP)
                  | [potion of mutation]
 54823 | Zot:5    | Gained mutation: You are vulnerable to cold. (rC-) [potion
                  | of mutation]
 54823 | Zot:5    | Gained mutation: Your mind is acute. (Int +4, Str/Dex -1)
                  | [potion of mutation]
 54824 | Zot:5    | Lost mutation: Your mind is acute. (Int +4, Str/Dex -1)
                  | [potion of mutation]
 54824 | Zot:5    | Lost mutation: You have hidden genetic potential. [potion
                  | of mutation]
 54825 | Zot:5    | Lost mutation: You are weak. (Str -2) [potion of mutation]
 54825 | Zot:5    | Lost mutation: You are vulnerable to cold. (rC-) [potion of
                  | mutation]
 54825 | Zot:5    | Lost mutation: You occasionally shout uncontrollably at
                  | your foes. [potion of mutation]
 54825 | Zot:5    | Gained mutation: You passively map a small area around you.
                  | [potion of mutation]
 54868 | Zot:5    | Got the Orb of Zot
 55178 | D:13     | Noticed a seraph
 55303 | D:10     | Reached skill level 20 in Unarmed Combat
 55555 | D:$      | Escaped with the Orb!

Illustrated notes

Levels and vault maps discovered:
D:1:      dpeg_arrival_round_a, layout_loops_ring
D:2:      layout_loops_ring, serial_shops, shop, uniq_jessica, uniq_natasha
D:3:      layout_basic, mainiacjoe_overflow_catwalk,
          shapermc_ecumenical_altar_notcrosses, minmay_unequal, uniq_sigmund,
          uniq_grinder, uniq_robin
D:4:      layout_basic, mainiacjoe_overflow_cross_hatched, minmay_pentangle,
          uniq_crazy_yiuf_cottage
D:5:      layout_rooms, cheibriados_altar_1, minmay_temple_entry_ruins
D:6:      layout_loops_cross
D:7:      layout_basic
D:8:      layout_gridville, pdpol_wu_jian_five_deadly_venoms,
          chequers_temple_overflow_statue_of_worship,
          grunt_lair_entry_orc_guard_hut, introduction_to_nature_1, uniq_erica
D:9:      layout_stronghold, lemuel_tele_altar, minmay_chambers_of_fives,
          uniq_gastronok, uniq_erolcha
D:10:     layout_basic, grunt_dithmenos_shadows
D:11:     layout_loops_cross, uniq_snorg
D:12:     layout_roguey [special_room_orc], david_orc_5,
          eino_small_chamber_without_monster
D:13:     layout_irregular_city, gammafunk_ghost_ooze, gauntlet_entry_generic,
          serial_glass, glass_columns_b, glass_columns_c, lemuel_flame_loot_1
D:14:     layout_long_grid, grunt_vaults_entry_tiered
D:15:     gammafunk_depths_entry_grave, layout_stronghold
Temple:   nicolae_temple_superstar
Lair:1:   layout_cellular_growth, nicolae_lair_lakeside_cave
Lair:2:   layout_concentric_octagons, skrybe_swamp_entry_bodies,
          fungi_pond_lemuel, pdpol_lair_cavern_descent, serial_bayou_shore_b,
          uniq_amaemon
Lair:3:   layout_chaotic_city, hellmonk_spider_entry_life_and_decay,
          minivault_25, beast_lair_carwin_2, infiniplex_staircase_pool_2
Lair:4:   layout_long_grid, slime_entry_1, serial_forest,
          infiniplex_forest_lined_room_, infiniplex_forest_clump_double,
          infiniplex_forest_clump_small, infiniplex_forest_clump_large,
          infiniplex_forest_end_1, infiniplex_forest_corner_2,
          infiniplex_forest_straight_2, enter_volcano_3, lemuel_fruit_tree
Lair:5:   gammafunk_lair_ancient_temple, layout_cave_pods,
          kennysheep_abandoned_house
Swamp:1:  layout_basic_swamp, evilmike_swamp_ruin_house_3
Swamp:2:  cheibrodos_swamp_heart_of_darkness, layout_basic_swamp,
          hangedman_swamp_diagram, uniq_donald
Swamp:3:  layout_basic_swamp, nicolae_swamp_godswood, swamp_pool4,
          nicolae_swamp_necromancy_gone_wrong
Swamp:4:  swamp_vile, layout_basic_swamp, uniq_bai_suzhen
Spider:1: layout_spider_delve, uniq_nikola
Spider:2: gammafunk_boulding_lane, nicolae_spider_bug_shape, uniq_arachne,
          uniq_roxanne
Spider:3: layout_spider_delve, uniq_kirke
Spider:4: spider_rune_water, hive_lemuel, uniq_mlioglotl
Slime:1:  layout_caves
Slime:2:  layout_caves
Slime:3:  layout_caves, basic_altar, amcnicky_altar_lugonu_corruption
Slime:4:  cheibrodos_slime_lost_civilization_10, layout_caves
Slime:5
Orc:1:    layout_diamond_mine, serial_shops, nicolae_shop_gaudy_bauble,
          uniq_sonja
Orc:2:    st_orc_town, layout_caves, nicolae_orc_bridge_out, uniq_rupert
Elf:1:    eino_elf_arrival_the_gate, layout_rooms, serial_shops,
          nicolae_shop_bloodbath_and_beyond,
          portal_desolation_entry_holy_temple, uniq_jorgrun
Elf:2:    nicolae_elf_blades_splatter_lattice [nicolae_blade_entry_pointy_end],
          layout_onion_city, infiniplex_enter_wizlab_water,
          nrook_mini_backslash, evilmike_ambush [evilmike_ambush_outer_pillars,
          evilmike_ambush_inner_wall_1]
Elf:3:    grunt_elf_hall_asides, layout_geoelf_grid
Vaults:1: ontoclasm_vaults_misaligned, vaults_room_corners, vaults_room_fours,
          vaults_room_corners, v_misc_4, hangedman_vaults_corner_blocks,
          nicolae_vaults_display_case, nicolae_vaults_storage_closets_3,
          nicolae_vaults_weapon_check, nicolae_vaults_offset_grid_hallway_2,
          vaults_room_door_ring, vaults_room_hallway, layout_vaults_omnibox
Vaults:2: hangedman_vaults_corner, v_pattern_5, v_misc_25,
          hangedman_vaults_maws, vaults_standard_mumra_enter_the_diamond,
          nicolae_vaults_house_2, nicolae_vaults_meiosis, grunt_tower_of_power,
          minmay_crypt_entry_simple_round, nicolae_vaults_closet_pinwheel_3,
          vaults_dpeg_cross, ontoclasm_vaults_ring_large,
          nicolae_vaults_tetromino_L_2, layout_vaults_ring, uniq_asterion
Vaults:3: v_misc_23, vaults_room_grid, kb_rosetta,
          nicolae_vaults_storage_closets_2, v_misc_16,
          nicolae_vaults_network_star, vaults_room_corners,
          nicolae_vaults_rhombus_5, nicolae_vaults_trapezoid_lopsided_1,
          hangedman_vaults_snaps, nicolae_vaults_storage_room_doors,
          hangedman_vaults_nails, v_rooms_6, nicolae_vaults_tetromino_L_1,
          nicolae_vaults_trapezoid_4, layout_vaults_maze_bifur, serial_shops,
          shop
Vaults:4: gammafunk_sealed_arena, v_misc_2, nicolae_vaults_wrenched,
          nicolae_vaults_trapezoid_1, vaults_room_corners, v_misc_23,
          nicolae_vaults_little_squares_6, nicolae_vaults_yaktaur_gun_rack,
          layout_vaults_chaotic_city
Vaults:5
Depths:1: layout_cave_shapes, enter_ziggurat_f, hangedman_geh_valley,
          nicolae_trove_entry_crossroad, nicolae_vehumet_radiance,
          abyss_entry_glasseish, serial_bayou_ford_a, zin_purify,
          minmay_shoptagon, firewood_loft, uniq_enchantress
Depths:2: nicolae_terramorphic_expanse [nicolae_terramorphic_quarter,
          nicolae_terramorphic_quarter, nicolae_terramorphic_quarter,
          nicolae_terramorphic_quarter, nicolae_terramorphic_quarter,
          nicolae_terramorphic_biome, nicolae_terramorphic_biome,
          nicolae_terramorphic_biome, nicolae_terramorphic_biome],
          layout_gridville, fedhas_altar_2, rand_demon_pan_entry_8, hell_entry,
          nicolae_concentric_dashed_squares_wild, grunt_decor_one_mirror,
          lightli_fourway_metalbox, infiniplex_staircase_spiral,
          serial_bayou_shore_b
Depths:3: minmay_distorted_concentric_squares, layout_basic, hell_entry,
          abyss_entry_crystal, xom_teletrap_fun, minmay_shop_star,
          infiniplex_staircase_hallway_doors, uniq_grunn
Depths:4: grunt_zot_entry_gee_three, layout_long_grid, hell_entry,
          nicolae_gozag_cash_rules_everything_around_me, serial_bayou_shore_b,
          uniq_margery
Zot:1:    layout_gridlike, grunt_megastairs_4
Zot:2:    layout_misc_corridors, st_stairs_3
Zot:3:    layout_misc_corridors
Zot:4:    layout_misc_corridors, nicolae_transporter_intersection
Zot:5:    layout_misc_corridors

Skill      XL: |  1  2  3  4  5  6  7  8  9 10 11 12 13 14 15 16 17 18 19 20 21 22 23 24 25 |
---------------+----------------------------------------------------------------------------+-----
Fighting       | 2 3 4 5 6 7 9 10 13 14 16 | 16.1
Unarmed Combat | 3 4 5 7 9 11 12 14 16 18 20 | 20.0
Translocations | 3 4 5 6 8 |  8.0
Dodging        | 2 3 8 10 | 10.0
Invocations    | 6 8 10 12 | 12.0
Spellcasting   | 2 |  2.0
Shields        | 8 10 13 15 18 | 18.0
Throwing       | 7 8 10 | 10.0
Armour         | 4 7 8 10 11 14 16 | 16.1
Poison Magic   | 3 6 9 10 12 | 12.0
Air Magic      | 3 4 |  4.0
Transmutations | 3 7 10 11 12 | 12.0

Action                     |  1- 3 |  4- 6 |  7- 9 | 10-12 | 13-15 | 16-18 | 19-21 | 22-24 | 25-27 || total
---------------------------+-------+-------+-------+-------+-------+-------+-------+-------+-------++-------
  Melee: Unarmed           |    91 |   124 |   304 |   386 |  1259 |  1426 |  1569 |  1791 |   410 ||  7360
         Punch             |       |     1 |    15 |    42 |     9 |       |       |       |       ||    67
         Scimitar          |       |       |       |     2 |     6 |       |       |       |       ||     8
  Throw: Boomerang         |       |       |     2 |       |       |    44 |       |       |       ||    46
         Dart              |       |       |       |    25 |     1 |       |       |       |       ||    26
         Large rock        |       |       |       |       |    41 |    45 |     5 |    22 |    56 ||   169
         Javelin           |       |       |       |       |       |    18 |       |       |       ||    18
   Cast: Blink             |       |       |     1 |       |     1 |       |       |     1 |       ||     3
         Vhi's Electric Ch |       |       |       |       |       |     3 |       |       |       ||     3
         Olgreb's Toxic Ra |       |       |       |       |       |    21 |    42 |    29 |       ||    92
 Invoke: Slouch            |       |       |       |       |     3 |    17 |     4 |     8 |     3 ||    35
         Step From Time    |       |       |       |       |       |       |     1 |     4 |     1 ||     6
  Evoke: Wand              |       |       |     3 |     8 |       |     1 |       |     1 |       ||    13
         Condenser vane    |       |       |       |     1 |       |       |       |       |       ||     1
    Use: Scroll            |       |     8 |     4 |    11 |    11 |    12 |     3 |    18 |     3 ||    70
         Potion            |       |       |       |     3 |     7 |     7 |     4 |    10 |     7 ||    38
   Stab: Sleeping          |     1 |     1 |       |     5 |     7 |     2 |     3 |     3 |       ||    22
         Distracted        |       |       |       |       |     2 |     1 |     1 |       |       ||     4
         Invisible         |       |       |       |       |     2 |       |       |       |       ||     2
         Confused          |       |       |       |       |       |       |       |     1 |       ||     1
 Armour: Robe              |    34 |    33 |    60 |       |       |       |       |       |       ||   127
         Troll leather arm |       |       |    22 |   109 |   324 |       |       |       |       ||   455
         Swamp dragon scal |       |       |       |       |    19 |   481 |   308 |       |       ||   808
         Shadow dragon sca |       |       |       |       |       |       |    31 |   180 |       ||   211
         Gold dragon scale |       |       |       |       |       |       |       |   563 |   136 ||   699
  Dodge: Dodged            |    45 |    43 |   116 |   171 |   387 |   534 |   479 |   473 |    71 ||  2319
  Block: Other             |       |       |    38 |    82 |    18 |       |       |       |       ||   138
         Reflection        |       |       |     1 |     3 |     4 |    36 |    96 |    86 |    11 ||   237
         Kite shield       |       |       |       |       |   862 |  1279 |   430 |       |       ||  2571
         Tower shield      |       |       |       |       |       |       |  1316 |  2129 |   444 ||  3889
